 Seeded DCSS version 0.30.1-4-g462c640d31 (webtiles) character file.

Game seed: 920673320228942481 (custom seed)

3 Psyclone the Stinger (level 1, 11/11 HPs)
             Began as an Octopode Venom Mage on Sept 19, 2023.
             Quit the game on level 1 of the Dungeon.
             The game lasted 00:02:21 (145 turns).

Psyclone the Stinger (Octopode Venom Mage)           Turns: 145, Time: 00:02:21

Health: 11/11      AC:  1    Str:  7    XL:     1   Next: 50%
Magic:  3/3        EV: 13    Int: 17    God:
Gold:   13         SH:  0    Dex: 12    Spells: 3/4 levels left

rFire   . . .        d - +2 quick blade (venom)
rCold   . . .        (no shield)
rNeg    . . .        (helmet restricted)
rPois   .            (no amulet)
rElec   .            (no ring)
rCorr   .            (no ring)
SInv    .            (no ring)
Will    .....        (no ring)
Stlth   +++          (no ring)
HPRegen 0.21/turn    (no ring)
MPRegen 0.08/turn    (no ring)
                     (no ring)

%: no passive effects
@: no status effects
A: almost no armour, amphibious, 8 rings, camouflage 1, gelatinous body 1,
(nimble swimmer 1), tentacles
a: no special abilities


You were on level 1 of the Dungeon.
You visited 1 branch of the dungeon, and saw 1 of its levels.

You collected 13 gold pieces.

Inventory:

Hand Weapons
 d - a +2 quick blade of venom (weapon)
Armour
 e - the +18 shield of the Gong {Loud rN+ Will+ rCorr EV-5}
   (You acquired it on level 1 of the Dungeon)

   Loud:      It is deafeningly noisy when blocking attacks.
   EV:        It affects your evasion (-5).
   rN:        It protects you from negative energy.
   rCorr:     It protects you from acid and corrosion.
   Will:      It increases your willpower.
Jewellery
 c - a ring of wizardry
 f - the ring "Neigod" {rElec rPois Int+6}
   (You acquired it on level 1 of the Dungeon)

   [ring of intelligence]

   Int:       It affects your intelligence (+6).
   rElec:     It insulates you from electricity.
   rPois:     It protects you from poison.
Potions
 a - a potion of magic
 b - a potion of resistance {unknown}


   Skills:
 - Level 2.0 Dodging
 - Level 2.6 Stealth
 - Level 2.0 Spellcasting
 - Level 1.0 Transmutations
 + Level 3.9 Poison Magic


You had 3 spell levels left.
You knew the following spells:

 Your Spells              Type           Power      Damage    Failure   Level
a - Sting                 Tmut/Pois      40%        1d5       7%          1

Your spell library contained the following spells:

 Spells                   Type           Power      Damage    Failure   Level
 Poisonous Vapours        Pois/Air       16%        N/A       13%         2
 Mephitic Cloud           Conj/Pois/Air  6%         N/A       34%         3
 Olgreb's Toxic Radiance  Pois           15%        N/A       36%         4


Dungeon Overview and Level Annotations

Branches:
Dungeon (1/15) Zot: 5855

Altars:


Innate Abilities, Weirdness & Mutations

You cannot wear most types of armour.
You are amphibious.
You can wear up to eight rings at the same time.
Your skin changes colour to match your surroundings (Stealth+).
Your rubbery body absorbs attacks. (AC +1, EV +1)
((You are camouflaged when in or above water. (Stealth+)))
You have tentacles for arms and can constrict up to eight enemies at once.


Message History

Your magical contamination has completely faded away.
A ball python comes into view.
The ball python hisses angrily.
You tentacle-slap the ball python. Your grab misses the ball python.
The ball python is moderately wounded.
The ball python bites you. The ball python grabs you.
The ball python constricts you.
You take 2 damage, and have 9/11 hp.
You barely miss the ball python. Your grab misses the ball python.
Your squeeze misses the ball python.
The ball python is moderately wounded.
The ball python barely misses you. The ball python constricts you.
You take 1 damage, and have 8/11 hp.
You closely miss the ball python. You grab the ball python.
You squeeze the ball python, but do no damage.
The ball python is moderately wounded.
You constrict the ball python. The ball python closely misses you.
The ball python constricts you.
You tentacle-slap the ball python.
You kill the ball python!
You open the door.
Found 13 gold pieces.
Found 3 scrolls labelled NOEDYA EDEF.
There is an open door here.
Found a stone staircase leading down.
MP restored: 3 You now have 13 gold pieces.
Health restored: 11
Found a hand axe.
d - 3 scrolls labelled NOEDYA EDEF This is a scroll of acquirement!
Something appears before you! Something appears before you!
Something appears before you!
d - a +2 quick blade of venom
e - the +18 shield of the Gong {Loud rN+ Will+ rCorr EV-5}
f - the ring "Neigod" {rElec rPois Int+6} Your +2 quick blade of venom begins to drip with poison!
d - a +2 quick blade of venom (weapon)
Found a stone staircase leading down.
Are you sure you want to abandon this character and quit the game? (Confirm with "yes".)

## .> #.##########
#.#........#
#.#.######.#
#.#.######..
#..@.......#
#...######.# ..
#......# #..
#....#.# #..
#....#.#
#.###..###.#
#..........#
#####+#....#########
## ...........#
#.....#


There were no monsters in sight!

Vanquished Creatures
  A dart slug (D:1)
  A ball python (D:1)
2 creatures vanquished.

Notes
Turn   | Place    | Note
-------+----------+-------------------------------------------
     0 | D:1      | Psyclone the Octopode Venom Mage began the quest for the
                  | Orb.
     0 | D:1      | Reached XP level 1. HP: 11/11 MP: 3/3
   106 | D:1      | Identified 3 scrolls of acquirement
   106 | D:1      | Acquired the +18 shield of the Gong {Loud rN+ Will+ rCorr
                  | EV-5}
   106 | D:1      | Found the +18 shield of the Gong {Loud rN+ Will+ rCorr
                  | EV-5}
   107 | D:1      | Acquired a +2 quick blade of venom
   108 | D:1      | Acquired the ring "Neigod" {rElec rPois Int+6}
   145 | D:1      | Quit the game

Illustrated notes

Levels and vault maps discovered:
D:1:      dpeg_arrival_orchard, layout_basic

Action                     || total
---------------------------++-------
  Melee: Unarmed           ||     8
         Constrict         ||     3
         Tentacles         ||     2
         Punch             ||     1
   Cast: Sting             ||     1
    Use: Scroll            ||     3
  Dodge: Dodged            ||     4
